[Event "*** Titled Tuesday Blitz"]
[Site "Chess.com"]
[Date "2020.05.19"]
[Round "4"]
[White "Ariadna_Atreides"]
[Black "scabies1"]
[Result "0-1"]
[WhiteElo "2056"]
[BlackElo "2283"]
[TimeControl "180+1"]
[EndTime "12:41:10 PDT"]
[Termination "scabies1 won on time"]

1. d4 Nf6 2. Nf3 e6 3. e3 d5 4. Bd3 Bd6 5. O-O O-O 6. b3 b6 7.
Bb2 Bb7 8. Nbd2 c5 9. Ne5 Nc6 10.
Ndf3 Rc8 11. Nxc6 Bxc6 12. Ne5 Bxe5 13. dxe5 Nd7 14. f4 g6 15. c4 dxc4 16. bxc4 Nb8 17. Qe2 Qe7 18. e4 Rcd8 19. f5 Qd7 20. Rad1 Ba4 21. Bc2 Qc6 22. Bxa4 Qxa4 23. f6 Kh8 24.
Rxd8 Rxd8 25. Qe3 Qc2 26. Qh6 Rg8 27. Bc1 Qxe4 28. Bf4 Nc6 29. Rf3 Qe1+ 30. Rf1 Qe2 31. Rf3 Nd4 32. Rf1 Qxc4 33. Bg5 Ne2+ 34. Kh1 Ng3+ 35.
hxg3 Qxf1+ 36. Kh2 c4 37. Bd2 Qd3 38. Bb4 Qd8 39.
Be7 Qc8 40. Kh3 c3 41. Qc1 c2 42. Kh4 Qc4+ 43. Kh3 Qd3 44. Kh2 Qd1 45. Ba3 Qxc1 46. Bxc1 Rd8 0-1

[Event "*** Titled Tuesday Blitz"]
[Site "Chess.com"]
[Date "2020.05.19"]
[Round "4"]
[White "TigrVShlyape"]
[Black "jonaszmb"]
[Result "1-0"]
[WhiteElo "2810"]
[BlackElo "2516"]
[TimeControl "180+1"]
[EndTime "12:41:11 PDT"]
[Termination "TigrVShlyape won on time"]

1. d4 d5 2. Nf3 Nf6 3. Bf4 e6 4. e3 c5 5. Nbd2 Nc6 6. c3 cxd4 7.
exd4 Nh5 8. Bg3 g6 9. Bd3 Nxg3 10. hxg3 Bg7 11. O-O Bd7 12. Re1 Qc7 13. Qe2 f6 14.
c4 dxc4 15. Bxc4 Nd8 16. Rac1 Qb6 17. Bxe6 Nxe6 18. d5 O-O 19. Nc4 Nd4 20. Qe7 Nxf3+ 21. gxf3 Qd8 22. Nd6 Qxe7 23. Rxe7 Rfd8 24. Rc7 Bf8 25.
Rexd7 Bxd6 26. Rxb7 Rxd7 27. Rxd7 Be5 28. b3 a5 29. f4 Bd4 30. Kf1 a4 31. b4 a3 32.
d6 Bc3 33. b5 Bb4 34. b6 Rb8 35. b7 Kf8 36. Rxh7 Bxd6 37. Rd7 Bc5 38. Rc7 Bd6 39. Rd7 Bc5 40. Rc7 Ba7 41. Ke2 Ke8 42. Rg7 Kd8 43.
g4 Bd4 44. Kd3 Bb2 45. Kc4 f5 46. Rf7 fxg4 47. Kd5 Bc3 48. Kc6 Bd4 49. Rd7+ Ke8 50. Rxd4 1-0

[Event "*** Titled Tuesday Blitz"]
[Site "Chess.com"]
[Date "2020.05.19"]
[Round "4"]
[White "Quaternitychess"]
[Black "bazar-wokzal"]
[Result "1-0"]
[WhiteElo "2799"]
[BlackElo "2516"]
[TimeControl "180+1"]
[EndTime "12:41:12 PDT"]
[Termination "Quaternitychess won on time"]

1. e4 Nc6 2. Nc3 Nf6 3. f4 d5 4. e5 d4 5. Nce2 Nd5 6. Nf3 Bg4 7. e6 Bxf3 8. gxf3 d3 9. cxd3 fxe6 10. Bh3 Qd6 11.
Qa4 O-O-O 12. Qe4 Kb8 13. a3 e5 14. b4 exf4 15. Bb2 e5 16. b5 Nf6 17. Qc4 Ne7 18. Rc1 Ned5 19. O-O g5 20. Bf5 Ne7 21. Be4 g4 22. Nxf4 Rg8 23. Ne6 gxf3+ 24. Kh1 Nxe4 25.
dxe4 Rc8 26. Rxf3 Ng6 27. Rd3 Qb6 28. Rg3 Bd6 29. Rf1 Nf4 30. Rxg8 Rxg8 31. Nxf4 Rf8 32. Nd5 Rxf1+ 33. Qxf1 Qc5 34. a4 a6 35. bxa6 bxa6 36.
Bc3 Qa3 37. Kg2 Qxa4 38. Qd3 Qd1 39. Ne3 Qh5 40. Nc4 Qg5+ 41. Qg3 Qh5 42. Qf3 1-0

[Event "*** Titled Tuesday Blitz"]
[Site "Chess.com"]
[Date "2020.05.19"]
[Round "4"]
[White "ChessBitl"]
[Black "Savagelittlemole"]
[Result "1-0"]
[WhiteElo "2336"]
[BlackElo "2521"]
[TimeControl "180+1"]
[EndTime "12:41:12 PDT"]
[Termination "ChessBitl won on time"]

1. e4 c5 2. Nf3 d6 3. d4 cxd4 4. Nxd4 Nf6 5. f3 a5 6. c4 e5 7. Nc2 Be7 8. Nc3 O-O 9. Ne3 Nc6 10. Ned5 Nxd5 11. cxd5 Nd4 12. Be3 a4 13. Nxa4 Qa5+ 14. Nc3 b5 15. Bd3 b4 16. Ne2 f5 17. O-O fxe4 18.
Bxe4 Nxe2+ 19. Qxe2 Ba6 20. Bd3 Bxd3 21. Qxd3 Rfc8 22. a3 bxa3 23. Rxa3 Qb4 24. Rxa8 Rxa8 25. b3 Ra3 26. Rc1 g6 27. Rb1 Ra2 28. h3 Kg7 29. Kh2 Bh4 30. Qc4 Qxc4 31. bxc4 Rc2 32. Rc1 Re2 33. Bb6 Bg5 34. Rd1 Bf4+ 35. Kh1 Rc2 36. c5 dxc5 37. d6 c4 38. d7 Bg5 39.
Bc7 Kf7 40. Bxe5 Bd8 41. Bg3 Rb2 42. Rc1 Rd2 43. Rxc4 Rxd7 44. Kh2 Kg7 45. h4 h5 46. Kh3 Rd1 47. Kh2 Kf7 48. Be5 Be7 49. Rd4 1-0

[Event "*** Titled Tuesday Blitz"]
[Site "Chess.com"]
[Date "2020.05.19"]
[Round "4"]
[White "Sam_ChessMood"]
[Black "EvgenyRomanov"]
[Result "1/2-1/2"]
[WhiteElo "2882"]
[BlackElo "2688"]
[TimeControl "180+1"]
[EndTime "12:41:13 PDT"]
[Termination "Game drawn by repetition"]

1. e4 c5 2. Nf3 a6 3. c3 d5 4. e5 Nc6 5. d4 Bg4 6. dxc5 e6 7. b4 Nxe5 8. Nbd2 Nxf3+ 9. Nxf3 Bxf3 10. Qxf3 g6 11. h4 Bg7 12. h5 Qf6 13. Qxf6 Bxf6 14. Bd2 Ne7 15. O-O-O a5 16. Bb5+ Nc6 17. a4 Ke7 18.
hxg6 hxg6 19. Bxc6 bxc6 20. Rxh8 Rxh8 21. b5 Rh4 22. f4 Kd7 23. c4 Be7 24. cxd5 exd5 25. Be3 Rg4 26. Rd2 Rg3 27. Re2 Bf8 28. Kc2 Bg7 29. b6 Kc8 30. Bf2 Rc3+ 31. Kd2 Kd7 32. Re3 Rxe3 33. Bxe3 Kc8 34. Kd3 f5 35. Bd4 Bf8 36. Ke3 Be7 37. Kf3 Bh4 38. g3 Be7 39.
Kg2 Bd8 40. Kh3 Be7 41. g4 Bd8 42. Kg3 Be7 43. Kf3 Bd8 44. g5 Be7 45. Ke3 Kb7 46. Kd3 Bf8 47. Kc3 Be7 48. Kb3 Bf8 49. Kc3 Be7 50. Kd3 Bf8 51. Ke3 Be7 52. Kd3 1/2-1/2

[Event "*** Titled Tuesday Blitz"]
[Site "Chess.com"]
[Date "2020.05.19"]
[Round "4"]
[White "Sanan_Sjugirov"]
[Black "m_ezat"]
[Result "1-0"]
[WhiteElo "2832"]
[BlackElo "2560"]
[TimeControl "180+1"]
[EndTime "12:41:13 PDT"]
[Termination "Sanan_Sjugirov won by checkmate"]

1. d4 Nf6 2. c4 g6 3. Nc3 Bg7 4. e4 O-O 5. Nf3 d6 6. h3 e5 7. d5 a5 8. g4 Nfd7 9. Be3 Na6 10. a3 Nac5 11. Nd2 a4 12. Rg1 Kh8 13. Qc2 Nb6 14.
g5 f5 15. h4 Nbd7 16. f3 c6 17. Be2 Qa5 18. O-O-O Nb6 19. Rh1 Kg8 20. h5 Rf7 21. Rh2 Rc7 22. Kb1 Bd7 23. Rdh1 Rac8 24. hxg6 hxg6 25.
Qd1 cxd5 26. cxd5 Nb3 27. Nxb3 axb3 28. Bd2 Rxc3 29. Bxc3 Rxc3 30. bxc3 Qxa3 31. Bd3 Na4 32. Qc1 b2 33. Rxb2 Nxc3+ 34. Kc2 Ba4+ 35. Kd2 fxe4 36.
fxe4 Nxd5 37. exd5 Bf8 38. Qc3 Bb3 39. Rxb3 Qa7 40.
Bc2 Qf2+ 41. Kc1 e4 42. Kb1 Bg7 43. Qc8+ Kf7 44. Qe6+ Kf8 45. Qc8+ Kf7 46. Rxb7# 1-0

[Event "*** Titled Tuesday Blitz"]
[Site "Chess.com"]
[Date "2020.05.19"]
[Round "4"]
[White "14Sokol88"]
[Black "mfwagnerpeixoto"]
[Result "1-0"]
[WhiteElo "2423"]
[BlackElo "2228"]
[TimeControl "180+1"]
[EndTime "12:41:13 PDT"]
[Termination "14Sokol88 won on time"]

1. e4 c5 2. Nf3 e6 3. c4 Nc6 4. Nc3 a6 5. Be2 Nf6 6. O-O d6 7. d4 cxd4 8. Nxd4 Be7 9. Be3 O-O 10. Kh1 Nxd4 11. Qxd4 Bd7 12. f4 Bc6 13. Rac1 Qa5 14. a3 e5 15. fxe5 dxe5 16. Qd3 Rfd8 17. Nd5 Bxd5 18. exd5 e4 19. Qd4 Rac8 20. Qb6 Qxb6 21.
Bxb6 Re8 22. Rfd1 Bc5 23. Bxc5 Rxc5 24. b4 Rcc8 25. d6 Red8 26. c5 Kf8 27. Kg1 g6 28. Kf2 Kg7 29. Ke3 Nd7 30. Kxe4 Re8+ 31. Kf3 f5 32. Kf2 Re5 33. Bf3 Rb8 34. Re1 Kf6 35.
a4 Rxe1 36. Kxe1 Ne5 37. b5 Nd3+ 38. Kd2 Nxc1 39. Kxc1 axb5 40. axb5 Ke5 41. d7 Rd8 42.
Bxb7 Rxd7 43. c6 Rd3 44. Kc2 Rd4 45. Kc3 Rd1 46. b6 Kd6 47. c7 Rc1+ 48. Kd4 Kd7 49.
c8=Q+ 1-0

[Event "*** Titled Tuesday Blitz"]
[Site "Chess.com"]
[Date "2020.05.19"]
[Round "4"]
[White "pawnwonder"]
[Black "powermove"]
[Result "1-0"]
[WhiteElo "2199"]
[BlackElo "1676"]
[TimeControl "180+1"]
[EndTime "12:41:13 PDT"]
[Termination "pawnwonder won by resignation"]

1. e4 e5 2. Nf3 Nc6 3. Nc3 Nf6 4. d4 exd4 5. Nxd4 Bb4 6. Nxc6 bxc6 7. Bd3 d5 8. exd5 O-O 9. O-O Bg4 10. Ne2 cxd5 11. c4 dxc4 12. Bxc4 Qxd1 13. Rxd1 Rfe8 14. Be3 a5 15. Rac1 Rad8 16. Rxd8 Rxd8 17. a3 Bd6 18. f3 Bf5 19. Nd4 Bd7 20. Nb3 a4 21. Nc5 Be8 22.
Nb7 Rb8 23. Nxd6 cxd6 24. Bd4 Nd7 25. Re1 Kf8 26. Kf2 Ne5 27. Bf1 Nc6 28. Bc3 d5 29.
Ke3 Bd7 30. Re2 d4+ 31. Bxd4 Re8+ 32. Kd3 Bf5+ 33. Kc3 Rc8 34. Rd2 Ne5+ 35. Kb4 Rc4+ 36. Bxc4 Nxc4 37. Kxc4 Be6+ 38. Kb4 Bb3 39. Re2 f6 40. Bc5+ Kf7 41. Re7+ Kg6 42. Ra7 h5 43. Rxa4 Bxa4 44. Kxa4 1-0

[Event "*** Titled Tuesday Blitz"]
[Site "Chess.com"]
[Date "2020.05.19"]
[Round "4"]
[White "Funo09"]
[Black "vladislavkovalev"]
[Result "1-0"]
[WhiteElo "2732"]
[BlackElo "2898"]
[TimeControl "180+1"]
[EndTime "12:41:14 PDT"]
[Termination "Funo09 won by resignation"]

1. e4 e5 2. Nf3 Nc6 3. Bb5 a6 4. Ba4 Nf6 5. O-O Be7 6. Re1 b5 7. Bb3 d6 8. c3 O-O 9. d4 Bg4 10. Be3 exd4 11. cxd4 Na5 12. h3 Bh5 13. Nbd2 c5 14.
g4 Bg6 15. Nh4 Nxb3 16. axb3 Re8 17. Nxg6 hxg6 18. Kg2 cxd4 19. Bxd4 Nd7 20. Nf3 Qc7 21. Bc3 Qb7 22. Qd4 Bf8 23. b4 Nf6 24. Nd2 Re6 25. Re3 Rae8 26. Rae1 g5 27. Qd3 d5 28. Bxf6 dxe4 29.
Nxe4 Rxf6 30. Kg1 Rc8 31. Nxf6+ gxf6 32. Qe4 Qb8 33. Qd4 Kg7 34. Rf3 Qd6 35. Qxd6 Bxd6 36. Ra1 Be5 37. Rxa6 Rc4 38. b3 Rxb4 39. Rb6 Kg6 40.
Kg2 Bd4 41. Rb7 Be5 42. Rd3 Bd4 43. Kf1 f5 44. gxf5+ Kxf5 45. Rxf7+ Kg6 46. Rb7 Kf5 47. Kg2 Ke4 48. Rg3 Be5 49. Rxg5 Bf4 50. Rgxb5 1-0

[Event "*** Titled Tuesday Blitz"]
[Site "Chess.com"]
[Date "2020.05.19"]
[Round "4"]
[White "BillieKimbah"]
[Black "Shukh_Nikolay"]
[Result "1-0"]
[WhiteElo "2852"]
[BlackElo "2526"]
[TimeControl "180+1"]
[EndTime "12:41:14 PDT"]
[Termination "BillieKimbah won on time"]

1. Nf3 Nf6 2. g3 g6 3. b3 Bg7 4. Bb2 O-O 5. Bg2 d6 6. d4 c6 7.
O-O Nbd7 8. c4 Re8 9. Nc3 e5 10. e4 exd4 11. Nxd4 Nc5 12. Re1 a5 13. f3 h5 14. h3 h4 15. g4 a4 16. Rb1 axb3 17.
axb3 Nfd7 18. b4 Ne6 19. Nxe6 Rxe6 20. Ne2 Bxb2 21. Rxb2 Qf6 22. Rd2 Ne5 23. c5 Nc4 24.
Rd4 Ne3 25. Qd2 Nxg2 26. Kxg2 dxc5 27. bxc5 Re8 28. Rd6 Be6 29. f4 Qe7 30. Nc3 Bc4 31.
e5 Ra3 32. Qd4 Bb3 33. Kg1 Rea8 34. Ne4 Be6 35. f5 Bd5 36. Nf6+ Kf8 37. Nxd5 cxd5 38. e6 Kg8 39. f6 Rg3+ 40. Kf1 Qc7 41. e7 Re8 42.
Qxd5 Qa5 43. Rd8 Qb5+ 44. Re2 Qb1+ 45. Re1 Qb5+ 46. Kf2 Qb2+ 47. Re2 1-0

[Event "*** Titled Tuesday Blitz"]
[Site "Chess.com"]
[Date "2020.05.19"]
[Round "4"]
[White "gilbert_gm"]
[Black "AustrianFalcon"]
[Result "1-0"]
[WhiteElo "2599"]
[BlackElo "2429"]
[TimeControl "180+1"]
[EndTime "12:41:14 PDT"]
[Termination "gilbert_gm won by checkmate"]

1. d4 Nf6 2. Nf3 c5 3. c3 b6 4. Bf4 Bb7 5. e3 g6 6. Nbd2 Bg7 7.
Bd3 d6 8. O-O Nbd7 9. Qe2 Nh5 10. Bg5 h6 11. Bh4 g5 12. Ne1 Ndf6 13. Bg3 Nxg3 14. hxg3 d5 15. Ba6 Bc6 16. Bb5 Qd7 17. Bxc6 Qxc6 18. Nd3 Nd7 19. f4 O-O 20. Rae1 f5 21.
g4 e6 22. gxf5 exf5 23. Ne5 Nxe5 24. fxe5 Qe6 25. Rf3 Rf7 26. Ref1 Raf8 27. Qd3 c4 28. Qc2 g4 29. R3f2 h5 30. g3 Bh6 31. Re1 Bg5 32. Nf1 h4 33. Rh2 Rh7 34. Qf2 h3 35. a4 Rhf7 36. Qc2 Qh6 37. Rf2 Kg7 38. b3 cxb3 39. Qxb3 f4 40. exf4 Bxf4 41. Qxd5 Be3 42. Nxe3 Rxf2 43.
Qd7+ Kh8 44. Qxg4 h2+ 45. Kh1 Rg8 46. Qh4 Qxh4 47. gxh4 Rg3 48. e6 Kg7 49. e7 Kf7 50. e8=Q+ Kxe8 51. Nf1+ Kf7 52. Nxg3 Rf3 53. Rf1 Rxf1+ 54.
Nxf1 Ke6 55. Kxh2 Kd5 56. Kg3 Kc4 57. h5 Kxc3 58. h6 Kxd4 59. h7 Kc4 60. h8=Q Kb4 61. Qd4+ Ka5 62. Nd2 a6 63. Nb3# 1-0

[Event "*** Titled Tuesday Blitz"]
[Site "Chess.com"]
[Date "2020.05.19"]
[Round "4"]
[White "TenisMaster"]
[Black "JozefKneht"]
[Result "1-0"]
[WhiteElo "2785"]
[BlackElo "2512"]
[TimeControl "180+1"]
[EndTime "12:41:15 PDT"]
[Termination "TenisMaster won by checkmate"]

1. e4 e5 2. Nf3 Nc6 3. Bb5 a6 4.
Ba4 Nf6 5. O-O Be7 6. Re1 b5 7.
Bb3 d6 8. c3 O-O 9. h3 Na5 10.
Bc2 c5 11. d4 Nd7 12. a4 b4 13. Nbd2 Rb8 14. dxe5 Nxe5 15. Nxe5 dxe5 16. Qe2 Qb6 17. Bd3 Qg6 18. Kh2 Bg5 19. Nc4 Nxc4 20. Bxc4 bxc3 21.
bxc3 Bxc1 22. Raxc1 a5 23. Rcd1 Be6 24. Bd5 Qf6 25. Kg1 Rfc8 26. Qc4 Rb2 27. Re2 Rxe2 28. Qxe2 Bd7 29. Qc4 Be8 30. Rb1 Qf4 31. g3 Qf3 32. Rb7 h5 33. h4 g6 34. Qa6 Kg7 35. Bxf7 Bxf7 36. Rxf7+ Kxf7 37. Qxc8 Qxe4 38. Qc7+ Kf6 39. Qd8+ Kg7 40. Qxa5 c4 41. Qa7+ Kf6 42. Qe3 Qb1+ 43. Kh2 Qd3 44. a5 Qd5 45. a6 Qa5 46. a7 Ke6 47. Kg2 Qa6 48. Qc5 Kf5 49. Qf8+ Ke4 50. Qf3# 1-0

[Event "*** Titled Tuesday Blitz"]
[Site "Chess.com"]
[Date "2020.05.19"]
[Round "4"]
[White "SketchyMoves"]
[Black "Karacsonyi_Gellert"]
[Result "1-0"]
[WhiteElo "2625"]
[BlackElo "2459"]
[TimeControl "180+1"]
[EndTime "12:41:15 PDT"]
[Termination "SketchyMoves won by resignation"]

1. e4 c5 2. Nc3 Nc6 3. Bb5 Nd4 4. Nf3 g6 5. Nxd4 cxd4 6. Ne2 Bg7 7. O-O Nf6 8. d3 O-O 9. Ba4 e5 10. f4 d6 11. fxe5 dxe5 12. Bb3 Be6 13. Bxe6 fxe6 14.
Bg5 Qd6 15. Bxf6 Rxf6 16. Rxf6 Bxf6 17. Qd2 Rf8 18. Rf1 Bg7 19. Rxf8+ Qxf8 20. Ng3 Bh6 21. Qe2 Be3+ 22. Kh1 h5 23. Nf1 Bh6 24. g3 b5 25. a3 Bc1 26. b3 Bxa3 27. Nd2 a5 28. Nf3 Bd6 29. Kg2 a4 30. bxa4 bxa4 31. Qe1 a3 32. Qa5 Qe7 33. h4 Qc7 34. Qa4 Kf7 35. Ng5+ Ke7 36. Qb3 Qc8 37. Kf3 Qf8+ 38. Kg2 Qc8 39. Kf3 Qc6 40. Qxe6+ Kd8 41. Nf7+ Kc7 42.
Nxe5 Bxe5 43. Qxe5+ Kb7 44. Qe7+ Qc7 45. Qxa3 Qxc2 46.
Qb4+ Kc6 47. Qxd4 Qd1+ 48. Kg2 Qe2+ 49. Qf2 Qxd3 50. Qf6+ Kd7 51. Qf7+ Kd8 52. Qd5+ Qxd5 53. exd5 Kd7 54. Kf3 Ke7 55. Ke4 Kd7 56. Ke5 1-0

[Event "*** Titled Tuesday Blitz"]
[Site "Chess.com"]
[Date "2020.05.19"]
[Round "4"]
[White "Majesth"]
[Black "GMStefanova"]
[Result "0-1"]
[WhiteElo "2459"]
[BlackElo "2627"]
[TimeControl "180+1"]
[EndTime "12:41:15 PDT"]
[Termination "GMStefanova won by resignation"]

1. d4 d5 2. Bg5 h6 3. Bh4 c5 4. dxc5 Qa5+ 5. Nc3 e6 6. e4 Bxc5 7. exd5 Nf6 8. Bxf6 gxf6 9. Bb5+ Kf8 10. Ne2 a6 11. Bc4 b5 12. Bb3 e5 13. O-O f5 14. Ng3 Qb6 15. Qf3 e4 16. Ncxe4 fxe4 17. Nxe4 Bd4 18. d6 Ra7 19. Rad1 Rh7 20. Qd3 Nc6 21. c3 Be5 22. Nc5 Qxc5 23. Qxh7 Bg7 24. Rfe1 Bf5 25. Re8+ Kxe8 26. Qg8+ Bf8 27. d7+ Rxd7 28. Rxd7 Bxd7 29. Qxf7+ Kd8 30. Qf6+ Kc7 31. h3 Bd6 32. Qxh6 Qe5 33. Qe3 Qxe3 34. fxe3 Bg3 35. Kf1 Ne5 36. Ke2 a5 37.
Bd5 a4 38. e4 Kd6 39. Ke3 Kc5 40. b3 Be8 41. Ke2 a3 42. Kd2 Kd6 43. b4 Bh5 44.
Ke3 Bf7 45. Bxf7 Nxf7 46. Kd4 Be5+ 47. Ke3 Bg3 48. Kf3 Be1 49. Ke3 Bxc3 50. Kd3 Bxb4 0-1

[Event "*** Titled Tuesday Blitz"]
[Site "Chess.com"]
[Date "2020.05.19"]
[Round "4"]
[White "manitodeplomo"]
[Black "Alopekos"]
[Result "0-1"]
[WhiteElo "2603"]
[BlackElo "2472"]
[TimeControl "180+1"]
[EndTime "12:41:15 PDT"]
[Termination "Alopekos won on time"]

1. Nf3 Nf6 2. c4 e6 3. g3 d5 4. Bg2 Be7 5. O-O O-O 6. b3 a5 7. Bb2 a4 8. d4 axb3 9. axb3 Rxa1 10. Bxa1 c5 11. Nc3 dxc4 12. bxc4 cxd4 13. Nxd4 Qc7 14. Qa4 Bd7 15. Ndb5 Qb6 16. Rb1 Na6 17. Qd1 Nc5 18.
e3 Rc8 19. g4 h6 20. h3 Qa6 21.
Ne2 Bc6 22. Bd4 Bxg2 23. Kxg2 Qa4 24. Qxa4 Nxa4 25. Na7 Rxc4 26. Rxb7 Bc5 27. Rc7 Nb2 28. Rxc5 Rxc5 29. Bxc5 Nd3 30. Bd4 Ne4 31. f3 Ne1+ 32.
Kf1 Nxf3 33. Kg2 Ne1+ 34. Kh2 Nf3+ 35. Kg2 Ne1+ 36. Kg1 Nf3+ 37. Kh1 Nfg5 38. Kg2 f6 39.
Bb6 e5 40. h4 Ne6 41. Ng3 Nd2 42. h5 Nc4 43. Nc8 Nf8 44. Ba7 Nd7 45. Ne7+ Kf7 46. Nef5 Nf8 0-1

[Event "*** Titled Tuesday Blitz"]
[Site "Chess.com"]
[Date "2020.05.19"]
[Round "4"]
[White "Stronger1799"]
[Black "AttilaTurzo"]
[Result "1/2-1/2"]
[WhiteElo "2312"]
[BlackElo "2490"]
[TimeControl "180+1"]
[EndTime "12:41:15 PDT"]
[Termination "Game drawn by repetition"]

1. e4 c5 2. Nf3 Nc6 3. d4 cxd4 4. Nxd4 Nf6 5. Nc3 d6 6. f3 e5 7. Nb3 Be7 8. Be3 O-O 9. Qd2 a5 10. a4 Be6 11. O-O-O Nb4 12. g4 d5 13. g5 d4 14.
gxf6 Bxf6 15. Nxd4 exd4 16. Bxd4 Bxd4 17. Qxd4 Qxd4 18. Rxd4 Rfd8 19. Rxd8+ Rxd8 20. Bb5 Kf8 21. Rd1 Rc8 22. Bd7 Rc7 23. Bxe6 fxe6 24. Rd6 Rf7 25. Rxe6 Rxf3 26. Re5 Rf1+ 27. Nd1 Rh1 28. Rxa5 Rxh2 29.
c3 Nd3+ 30. Kb1 Rd2 31. Rd5 Rxd1+ 32. Kc2 Nxb2 33. Rxd1 Nxd1 34. Kxd1 Ke7 35. a5 Kd6 36. Ke2 h5 37. c4 g5 38. Kf3 g4+ 39. Kg3 Kc5 40. e5 Kc6 41. Kh4 Kc5 42. e6 Kd6 43. c5+ Kxe6 44. c6 Kd6 45. cxb7 Kc7 46. a6 Kb8 47. Kg3 Ka7 48. Kh4 Kb8 49. Kg3 Ka7 50.
Kf4 Kb8 51. Kg3 1/2-1/2

[Event "*** Titled Tuesday Blitz"]
[Site "Chess.com"]
[Date "2020.05.19"]
[Round "4"]
[White "anon569"]
[Black "lrestevez"]
[Result "1-0"]
[WhiteElo "2257"]
[BlackElo "2027"]
[TimeControl "180+1"]
[EndTime "12:41:15 PDT"]
[Termination "anon569 won on time"]

1. e4 e5 2. Nc3 Nf6 3. Bc4 Nxe4 4. Qh5 Nd6 5. Bb3 g6 6. Qxe5+ Qe7 7. Qxe7+ Bxe7 8.
Nf3 O-O 9. d3 Bf6 10. Nd5 Bd8 11. Bf4 Ne8 12. O-O-O c6 13. Ne3 d5 14. c4 dxc4 15. dxc4 Bf6 16. h3 Na6 17. Ng4 Bg7 18.
Bc2 Nc5 19. Rhe1 Be6 20. b3 a5 21. Ng5 Bxg4 22. hxg4 a4 23. b4 Na6 24. a3 h6 25. Ne4 Kh7 26. g5 hxg5 27. Nxg5+ Kg8 28.
Ne4 Nf6 29. Nd6 Rab8 30. f3 Nh5 31. Bh2 b6 32. g4 Nf6 33. Bxa4 b5 34. Bb3 bxc4 35.
Bxc4 Ra8 36. Ne4 Nxe4 37. Rxe4 c5 38. b5 Nb8 39. Rd3 Ra4 40. Bxf7+ Kxf7 41. Rxa4 Re8 42.
Ra7+ Re7 43. Rxe7+ Kxe7 44. Bxb8 c4 45. Bd6+ 1-0

[Event "*** Titled Tuesday Blitz"]
[Site "Chess.com"]
[Date "2020.05.19"]
[Round "4"]
[White "icychess54"]
[Black "LostaBet95"]
[Result "0-1"]
[WhiteElo "2265"]
[BlackElo "2563"]
[TimeControl "180+1"]
[EndTime "12:41:16 PDT"]
[Termination "LostaBet95 won on time"]

1. c4 e6 2. Nf3 d5 3. e3 Nf6 4. Nc3 Be7 5. Be2 O-O 6. O-O c5 7. cxd5 Nxd5 8. a3 Nc6 9. Qc2 b6 10. b3 Bb7 11. Bb2 Rc8 12. Rfd1 Qc7 13. Nxd5 exd5 14.
d4 cxd4 15. Bd3 dxe3 16. Bxh7+ Kh8 17. fxe3 Bc5 18. Rxd5 Bxe3+ 19. Kh1 Nd4 20. Qxc7 Rxc7 21. Rh5 Bxf3 22. gxf3 g6 23. Bxg6+ Kg7 24. Be4 f5 25. Bd5 Rc2 26. Bxd4+ Bxd4 27. Rd1 Re8 28. Bc4 Kf6 29. Rh6+ Kg5 30. Rh3 Be5 31. Rg1+ Kf4 32. Rf1 Rd8 33.
Rh4+ Kg5 34. Rh3 Rdd2 35. f4+ Bxf4 36. a4 Rxh2+ 37. Rxh2 Rxh2+ 38. Kg1 Rb2 39. Re1 Kg4 40. Kh1 Kg3 41. Rg1+ Kh3 42. Rd1 Rh2+ 43. Kg1 Be3+ 44.
Kf1 f4 45. Bd5 Rf2+ 46. Ke1 Rb2 47. Bc4 Kg3 48. Rd8 Rb1+ 49. Ke2 Rb2+ 50. Kd3 Rd2+ 51. Ke4 Rxd8 0-1

[Event "*** Titled Tuesday Blitz"]
[Site "Chess.com"]
[Date "2020.05.19"]
[Round "4"]
[White "Pavel_Mir"]
[Black "vpantev"]
[Result "0-1"]
[WhiteElo "2190"]
[BlackElo "2556"]
[TimeControl "180+1"]
[EndTime "12:41:18 PDT"]
[Termination "vpantev won on time"]

1. e4 c6 2. d4 d5 3. e5 Bf5 4. Nf3 e6 5. Be2 Ne7 6. O-O Bg6 7. c3 Nf5 8. Nbd2 c5 9. dxc5 Bxc5 10. Nb3 Bb6 11. Bg5 Qd7 12. Nfd4 O-O 13. a4 Nxd4 14. cxd4 a6 15. a5 Ba7 16. Rc1 h6 17. Bd2 Nc6 18. Be3 Rac8 19. Nc5 Qe7 20. Qd2 Nxe5 21. Nxe6 fxe6 22. dxe5 d4 23. Bxd4 Rcd8 24. Rc4 Rd5 25. Qc3 Bxd4 26. Rxd4 Rxe5 27. Bf3 Rc5 28. Qe3 e5 29. b4 Rc7 30. Rg4 Bh5 31. Bd5+ Bf7 32. Be4 Qf6 33. Rg3 Be6 34. h3 Qf4 35. Qd3 Rd7 36.
Qb1 Rd4 37. Bh7+ Kh8 38. Rf3 Rxb4 39. Rxf4 Rfxf4 40. Qc2 Rbc4 41. Qg6 Rf6 42. Qe8+ Kxh7 43. Re1 e4 44. Qd8 Bf5 45. Qd5 Rcc6 46. Qd4 Rcd6 47. Qe3 Rfe6 48. h4 Bg6 49. Qf4 Rf6 50.
Qg4 Rd5 51. Qg3 Rxa5 52. Qc7 Rb5 53. Rd1 Rbf5 54. Rd7 Rf7 55. Qxb7 Rxf2 0-1

[Event "*** Titled Tuesday Blitz"]
[Site "Chess.com"]
[Date "2020.05.19"]
[Round "4"]
[White "lamomiablanca"]
[Black "Andrii_Prydun"]
[Result "1-0"]
[WhiteElo "2182"]
[BlackElo "2383"]
[TimeControl "180+1"]
[EndTime "12:41:18 PDT"]
[Termination "lamomiablanca won by checkmate"]

1. e4 d5 2. exd5 Qxd5 3. Nc3 Qd6 4. d4 c6 5. Nf3 Bg4 6. Be3 e6 7. h3 Bh5 8. g3 Nd7 9. Bg2 Ngf6 10. O-O Be7 11. Bf4 Qb4 12. Rb1 O-O 13. a3 Qa5 14. g4 Bg6 15. Nh4 Nd5 16. Nxg6 hxg6 17. Bd2 Nxc3 18. Bxc3 Qc7 19. f4 Bd6 20. Qf3 Nf6 21. Rbe1 Rfd8 22. Kh1 Rd7 23. Bd2 Rad8 24. Bc1 c5 25.
dxc5 Bxc5 26. f5 exf5 27. gxf5 gxf5 28. Qxf5 Re8 29. Rxe8+ Nxe8 30. Bf4 Bd6 31. Bg5 Be5 32. Re1 f6 33. Qe6+ Kf8 34. Bd5 Rxd5 35. Qxd5 Qxc2 36.
Bd2 Qc7 37. Bb4+ Nd6 38. Rxe5 fxe5 39. Qxe5 Qc1+ 40. Kg2 Qc2+ 41. Kg3 Qb3+ 42. Kh4 Qc4+ 43. Kg3 Qd3+ 44. Kf4 Qf1+ 45. Ke3 Qxh3+ 46. Kd4 Qg4+ 47. Kd5 Qf3+ 48. Kxd6 Kf7 49. Qe6+ Kf8 50. Kd7# 1-0

[Event "*** Titled Tuesday Blitz"]
[Site "Chess.com"]
[Date "2020.05.19"]
[Round "4"]
[White "EmeseBalogh"]
[Black "ecwinslow"]
[Result "1-0"]
[WhiteElo "1952"]
[BlackElo "2199"]
[TimeControl "180+1"]
[EndTime "12:41:18 PDT"]
[Termination "EmeseBalogh won by resignation"]

1. e4 c5 2. Nc3 g6 3. d3 Bg7 4. g3 d6 5. Bg2 Nc6 6. Nge2 e5 7. O-O Be6 8. Be3 h5 9. h4 Qd7 10. Qd2 Nh6 11. Qc1 Bh3 12. Nd5 Bxg2 13. Kxg2 Ng4 14.
Bg5 f6 15. Bd2 f5 16. f3 Nf6 17. Nxf6+ Bxf6 18. Bg5 Qe7 19. c3 O-O 20. f4 fxe4 21. dxe4 exf4 22. Rxf4 Bxg5 23. hxg5 Ne5 24. Qe3 Nc4 25.
Qd3 Qe6 26. Raf1 Ne5 27. Rxf8+ Rxf8 28. Rxf8+ Kxf8 29. Qd5 Qxd5 30. exd5 Nc4 31. b3 Ne3+ 32. Kf3 Nxd5 33. c4 Nb4 34. Nc3 Kf7 35. Ke4 Ke6 36.
a3 Nc6 37. Nd5 a6 38. b4 cxb4 39. axb4 a5 40. bxa5 Nxa5 41. Nf4+ Kd7 42. Kd5 Nc6 43. Nxg6 Ne7+ 44. Nxe7 Kxe7 45. g6 Kf6 46. g7 Kxg7 47. Kxd6 Kf6 48. Kc7 Kg5 49. Kxb7 Kg4 50. c5 Kxg3 51. c6 h4 52. c7 h3 53. c8=Q h2 54.
Qc6 1-0

[Event "*** Titled Tuesday Blitz"]
[Site "Chess.com"]
[Date "2020.05.19"]
[Round "4"]
[White "giantslayer83"]
[Black "Fandorine"]
[Result "1/2-1/2"]
[WhiteElo "2692"]
[BlackElo "2882"]
[TimeControl "180+1"]
[EndTime "12:41:19 PDT"]
[Termination "Game drawn by agreement"]

1. d4 Nf6 2. c4 g6 3. Nc3 Bg7 4. g3 O-O 5. Bg2 d6 6. Nf3 Nc6 7. O-O a6 8. Bf4 Rb8 9. Rc1 h6 10. d5 e5 11. Bd2 Nd4 12. e3 Nf5 13. e4 Nd4 14. Be3 Bg4 15. Bxd4 exd4 16. Qxd4 Nd7 17. Qd2 Re8 18. h3 Bxf3 19. Bxf3 h5 20. Bg2 h4 21. g4 Qf6 22. Kh1 Qd4 23. Qxd4 Bxd4 24.
Rcd1 Bg7 25. f4 Nb6 26. c5 Nc4 27. cxd6 cxd6 28. Rf2 Nxb2 29. Rxb2 Bxc3 30. Rb3 Bf6 31. g5 Bg7 32. Rdb1 Rec8 33. Bf3 b5 34. a4 Rc5 35.
axb5 axb5 36. Be2 Re8 37. Bd3 Bd4 38. Rxb5 Rxb5 39. Rxb5 Rc8 40. Rb3 Be3 41. e5 Bxf4 42.
e6 Bxg5 43. Rb7 Rf8 44. Kg2 Kg7 45. Rxf7+ Rxf7 46. exf7 Kxf7 47. Kf3 Kg7 48. Kg4 Bf6 49. Be4 Kh6 50. Bd3 Kg7 51. Be4 Kh6 1/2-1/2